 Dungeon Crawl Stone Soup version 0.24.0-123-gd5b16e6ec5 (webtiles) character file.

Game seed: 10025057151217895618, levelgen mode: deterministic

1428 Gildeon the Poker (level 8, -10/55 HPs)
             Began as an Octopode Fighter on Dec 3, 2019.
             Was a Follower of Dithmenos.
             Mangled by Harold
             ... wielding a +0 scimitar
              (23 damage)
             ... on level 6 of the Dungeon on Dec 16, 2019.
             The game lasted 00:25:36 (5916 turns).

Gildeon the Poker (Octopode Fighter)                Turns: 5916, Time: 00:25:37

Health: -10/55     AC:  1    Str: 16    XL:     8   Next: 72%
Magic:  9/9        EV: 13    Int: 10    God:    Dithmenos [*.....]
Gold:   404        SH:  9    Dex: 13    Spells: 7/7 levels left

rFire    . . .     SeeInvis .   a - +3 trident
rCold    . . .     Gourm    .   b - +0 shield
rNeg     . . .     Faith    .   (helmet restricted)
rPois    .         Spirit   .   f - amulet of regeneration
rElec    .         Reflect  .   (no ring)
rCorr    .         Harm     .   (no ring)
MR       .....                  (no ring)
Stlth    +++++.....             (no ring)
HPRegen  0.58/turn              (no ring)
MPRegen  0.11/turn              (no ring)
                                (no ring)
                                (no ring)

@: marked, wreathed by umbra
A: almost no armour, stealthy swim, amphibious, 8 rings, constrict 8, camouflage
1, gelatinous body 1
a: Renounce Religion


You were on level 6 of the Dungeon.
You worshipped Dithmenos.
Dithmenos was aware of your devotion.
You were not hungry.

You visited 1 branch of the dungeon, and saw 7 of its levels.

You collected 404 gold pieces.

Inventory:

Hand Weapons
 a - a +3 trident (weapon)
Missiles
 e - 3 atropa-tipped darts (quivered)
 s - 11 poisoned darts
Armour
 b - a +0 shield (worn)
 k - a +0 large shield
Magical Staves
 v - an uncursed staff of fire
Jewellery
 f - an amulet of regeneration (around mantle)
Wands
 x - a wand of disintegration (17)
Scrolls
 h - 5 scrolls of teleportation
 l - 6 scrolls of remove curse
 m - a scroll of amnesia
 p - a scroll of fear
 u - 2 scrolls of fog
Potions
 c - 2 potions of might
 g - a potion of ambrosia
 i - a potion of agility
 j - a potion of heal wounds {unknown}
 n - 3 potions of resistance
 o - 3 potions of flight
 q - 4 potions of mutation
 r - a potion of haste {unknown}
 t - 2 potions of brilliance
Comestibles
 d - 8 rations
 w - a chunk of flesh


   Skills:
 - Level 5.0 Fighting
 + Level 6.0 Polearms
 - Level 5.1 Dodging
 + Level 6.0 Stealth
 - Level 5.1 Shields
 + Level 2.2 Invocations


You had 7 spell levels left.
You didn't know any spells.
Your spell library was empty.

Dungeon Overview and Level Annotations

Branches:
Dungeon (7/15)
 Temple: D:4-7

Altars:
Cheibriados
Dithmenos
Elyvilon
Hepliaklqana
Okawaru
Qazlal
Sif Muna
Trog
Zin

Shops:
D:5 *

Annotations:
D:6 Harold


Innate Abilities, Weirdness & Mutations

You cannot wear most types of armour.
You are very stealthy in the water. (Stealth+)
You are amphibious.
You can wear up to eight rings at the same time.
You can use your tentacles to constrict eight enemies at once.
Your skin changes colour to match your surroundings (Stealth+).
Your rubbery body absorbs attacks. (AC +1, EV +1)


Message History

You puncture Harold! Your grab misses Harold.
Harold is lightly wounded.
Harold misses you.
You puncture Harold! You grab Harold.
Harold is moderately wounded.
You constrict Harold, but do no damage. You hit Harold but do no damage.
Harold is moderately wounded.
You constrict Harold, but do no damage. You block Harold's attack.
You hit Harold. You squeeze Harold, but do no damage.
Harold is moderately wounded.
You constrict Harold, but do no damage. Harold hits you with a +0 scimitar!
You hit Harold.
Harold is moderately wounded.
You constrict Harold, but do no damage. Harold hits you with a +0 scimitar!
* * * LOW HITPOINT WARNING * * *
You hit Harold but do no damage.
Harold is moderately wounded.
You constrict Harold. Harold hits you with a +0 scimitar!!
You die...

..............(..#..............#
.................##########...(.#
###############+###....(.##....##
...##...##.......##............##
....#.............#.............#
....#.............#..)..........#
....#.............'.............#
...##...##.....@..#............##
...###+###......@.#............##
...#....##.......##.............#
...#....##.......##......##.....#
...#.............##......##.....#
...##...##......................#
...##...##..............(.......#
........#......................##
........#......................##
........#........##########.....#


You could see Harold.

Vanquished Creatures
  Sigmund (D:2)
  A water moccasin (D:5)
  A sky beast (D:6)
  An ogre (D:4)
  A phantom (D:3)
  A centaur (D:6)
  A gnoll sergeant (D:2)
  A scorpion (D:5)
  A crimson imp (D:5)
  A centaur zombie (D:6)
  An orc priest (D:3)
  2 centaur skeletons
  2 hounds
  2 orc wizards
  6 worker ants
  A hound zombie (D:6)
  9 gnolls
  6 adders
  A shadow imp (D:7)
  3 oozes
  An adder zombie (D:6)
  2 worms
  2 dart slugs
  5 leopard geckos
  22 orcs
  3 giant cockroaches
  5 hobgoblins
  3 jackals (D:3)
  3 quokkas (D:5)
  A ball python (D:2)
  7 bats
  5 frilled lizards
  8 goblins
  6 kobolds
  5 rats
121 creatures vanquished.

Notes
Turn   | Place    | Note
-------+----------+-------------------------------------------
     0 | D:1      | Gildeon the Octopode Fighter began the quest for the Orb.
     0 | D:1      | Reached XP level 1. HP: 16/16 MP: 1/1
   117 | D:1      | Reached skill level 1 in Stealth
   117 | D:1      | Reached XP level 2. HP: 15/21 MP: 2/2
   444 | D:1      | Reached XP level 3. HP: 20/26 MP: 3/3
  1160 | D:2      | Noticed Sigmund
  1240 | D:2      | Reached XP level 4. HP: 13/31 MP: 4/4
  1599 | D:3      | Noticed a phantom
  1782 | D:3      | Reached XP level 5. HP: 35/36 MP: 5/5
  2394 | D:4      | Reached XP level 6. HP: 29/43 MP: 6/6
  2534 | D:4      | Found a bloodstained altar of Trog.
  2690 | D:4      | Found an iron altar of Okawaru.
  2695 | D:4      | Found a hazy altar of Hepliaklqana.
  2700 | D:4      | Found a stormy altar of Qazlal.
  2703 | D:4      | Found a snail-covered altar of Cheibriados.
  2837 | D:4      | Found a shadowy altar of Dithmenos.
  2840 | D:4      | Became a worshipper of Dithmenos the Shadowed
  2961 | D:4      | Found a white marble altar of Elyvilon.
  3125 | D:5      | Entered Level 5 of the Dungeon
  3128 | D:5      | Upgraded the game from 0.24.0-37-gcf1ca852f1 to
                  | 0.24.0-41-g2ae2f7f1be
  3179 | D:5      | Reached XP level 7. HP: 34/48 MP: 7/7
  3784 | D:5      | Reached skill level 5 in Stealth
  3827 | D:5      | Found Zin's Purification Station.
  3827 | D:5      | Found a glowing silver altar of Zin.
  4324 | D:2      | Found a shimmering blue altar of Sif Muna.
  4348 | D:2      | Killed Sigmund
  4348 | D:2      | Reached skill level 5 in Fighting
  4348 | D:2      | Reached skill level 5 in Dodging
  4348 | D:2      | Reached skill level 5 in Shields
  4348 | D:2      | Reached XP level 8. HP: 49/55 MP: 8/8
  4579 | D:2      | You fall into a shaft and drop 1 floor!
  4598 | D:3      | Reached skill level 5 in Polearms
  4830 | D:2      | Reached * piety under Dithmenos
  5182 | D:6      | Reached skill level 1 in Invocations
  5294 | D:6      | Upgraded the game from 0.24.0-41-g2ae2f7f1be to
                  | 0.24.0-123-gd5b16e6ec5
  5864 | D:7      | Noticed Harold
  5916 | D:6      | Mangled by Harold

Levels and vault maps discovered:
D:1:      eino_arrival_water_cross, layout_basic
D:2:      layout_basic, overflow_temple_1_default, uniq_sigmund
D:3:      layout_loops_ring
D:4:      layout_gridville, grunt_temple_overflow_open, kennysheep_mini,
          grunt_temple_overflow_cloverleaf, chequers_mini_garden
D:5:      layout_layer_cave, zin_purify, serial_co_window_serial,
          co_window_corner_a, co_window_cross_1, co_window_paths_a,
          co_window_paths_a, co_window_paths_a, co_window_corner_b,
          co_window_paths_c, co_window_broadway_a, co_window_paths_d,
          first_ration
D:6:      layout_gridville
D:7:      layout_layer_cave, grunt_gozag_statues,
          minmay_temple_entry_purple_smoke, grunt_livestock,
          uniq_crazy_yiuf_cottage, uniq_harold

Skill      XL: |  1  2  3  4  5  6  7  8 |
---------------+-------------------------+-----
Stealth        | 1 2 3 4 5 6 |  6.0
Polearms       | 3 4 6 |  6.0
Shields        | 4 5 |  5.1
Fighting       | 4 5 |  5.0
Dodging        | 4 5 |  5.1
Invocations    | 2 |  2.2

Action                   |  1- 3 |  4- 6 |  7- 9 || total
-------------------------+-------+-------+-------++-------
Melee: Trident           |    41 |   114 |   135 ||   290
       Constrict         |    11 |    26 |    33 ||    70
       Tentacles         |     6 |    24 |    33 ||    63
Throw: Dart              |     4 |       |       ||     4
  Use: Scroll            |     2 |    10 |     6 ||    18
 Stab: Invisible         |     1 |       |       ||     1
       Sleeping          |     5 |     9 |     8 ||    22
  Eat: Chunk             |     1 |     6 |     9 ||    16
Armor: Skin              |     1 |     3 |     1 ||     5
Dodge: Dodged            |    16 |    46 |    60 ||   122
Block: Shield            |    12 |    39 |    50 ||   101
